 Dungeon Crawl Stone Soup version 0.26-a0-651-gb41185065b (webtiles) character file.

Game seed: 5462033726430616268

1101 gbos the Ruffian (level 8, -8/74 HPs)
             Began as a Ghoul Monk on Oct 25, 2020.
             Was a Believer of Ashenzari.
             Killed from afar by an electric eel (11 damage)
             ... with a bolt of electricity
             ... on level 6 of the Dungeon.
             The game lasted 00:08:15 (6956 turns).

gbos the Ruffian (Ghoul Monk)                       Turns: 6956, Time: 00:08:15

Health: -8/74      AC:  4    Str: 15    XL:     8   Next: 32%
Magic:  9/9        EV: 12    Int:  7    God:    Ashenzari [**....]
Gold:   243        SH:  0    Dex: 11    Spells: 8/10 levels left

rFire    + . .     SeeInvis .     - Unarmed
rCold    + . .     Faith    .   (no shield)
rNeg     + + +     Spirit   .   j - +0 leather armour {rF+}
rPois    ∞         Reflect  .   (no helmet)
rElec    .         Harm     .   l - +0 cloak
rCorr    .         Rampage  .   (no gloves)
MR       .....                  (no boots)
Stlth    ++........             (no amulet)
HPRegen  0.00/turn              (no ring)
MPRegen  0.11/turn              (no ring)

@: no status effects
A: rotting body, claws 1, cold resistance 1, negative energy resistance 3,
inhibited regeneration, torment resistance, unbreathing
a: Curse Item, Scrying, Renounce Religion


You were on level 6 of the Dungeon.
You worshipped Ashenzari.
Ashenzari was pleased with you.
You visited 1 branch of the dungeon, and saw 6 of its levels.

You collected 243 gold pieces.


Innate Abilities, Weirdness & Mutations

Your body is rotting away.
You thrive by killing the living.
You are immune to poison.
You have sharp fingernails.
Your flesh is cold resistant. (rC+)
You are immune to negative energy. (rN+++)
You do not regenerate when monsters are visible.
You are immune to unholy pain and torment.
You can survive without breathing.


   Skills:
 + Level 7.9 Fighting
 - Level 2.6 Dodging
 - Level 2.1 Stealth
 + Level 7.9 Unarmed Combat
 + Level 1.6 Spellcasting


You had 8 spell levels left.
You knew the following spells:

 Your Spells              Type           Power        Failure   Level
z - Call Imp              Summ           #.......     58%         2

Your spell library contained the following spells:

 Spells                   Type           Power        Failure   Level
 Summon Small Mammal      Summ           #...         45%         1
 Call Canine Familiar     Summ           #.......     83%         3
 Summon Guardian Golem    Hex/Summ       #.......     83%         3
 Summon Ice Beast         Ice/Summ       #.......     99%         4
 Summon Lightning Spire   Summ/Air       #.......     99%         4

Inventory:

Armour
 a - a +0 robe
 c - a +1 robe of the Archmagi
 j - a +0 leather armour of fire resistance (worn)
 l - a +0 cloak (worn)
Jewellery
 h - an uncursed ring of protection from fire
Wands
 b - a wand of iceblast (9)
Scrolls
 e - 2 scrolls of remove curse
 f - a scroll of enchant weapon
 g - a scroll of teleportation {@r4}
 i - a scroll of immolation {!r}
 o - a scroll of magic mapping {unknown}
 r - a scroll of identify {@r1}
Potions
 d - a potion of might {unknown}
 k - a potion of invisibility
 m - 3 potions of curing {@q1}
 n - 3 potions of degeneration {unknown}
 p - 3 potions of flight {unknown}
 q - a potion of stabbing {unknown}

Dungeon Overview and Level Annotations

Branches:
Dungeon (6/15)             Temple (0/1) D:6

Altars:
Ashenzari
Dithmenos
Qazlal
Sif Muna
Yredelemnul
The Shining One

Shops:
D:5 ?

Annotations:
D:3 Sigmund

░ ≈ , , P≈
≈♣P♣♣≈....... , ,
P.≈♣≈ ≈≈≈P...... ,
,,
..P♣≈♣≈≈.P.....▒,
.≈P≈≈≈♣≈≈......▒,
.P≈P≈≈≈PP.....▒▒
.>P.P≈≈PP......▒ ░
░
...≈PP.;..........,
░ ▒▒n....▒ ... ░
▒.....▒▒,....░ ░ ,
▒...▒▒.▒▒░▒...▒ ░ ░
, .▒▒...▒▒..▒▒....▒
▒......▒▒.........
░,,
░▒......▒▒▒...▒▒▒.
,, ▒▒.....▒▒▒..▒▒░,
, , ,░
▒.......▒..▒▒ , , ░
▒...P......▒ ,


You could see an electric eel.


Message History

The electric eel shoots out a bolt of lightning at you!
The bolt of electricity hits the plant!
The plant begins to die.
The bolt of electricity misses you.
An ufetubus comes into view.
A nearby plant withers and dies.
The electric eel shoots out a bolt of lightning at you!
The bolt of electricity hits you!
The electric eel shoots out a bolt of lightning at you!
The bolt of electricity hits you! The bolt of electricity hits you!
* * * LOW HITPOINT WARNING * * *
The bolt of electricity hits the electric eel.
The electric eel completely resists.
Found a stone staircase leading down.
You scratch the electric eel. Your claw misses the electric eel.
The electric eel is lightly wounded.
The electric eel shoots out a bolt of lightning at you!
The bolt of electricity hits you!
* * * LOW HITPOINT WARNING * * *
The bolt of electricity hits you!
* * * LOW HITPOINT WARNING * * *
The bolt of electricity hits the electric eel.
The electric eel completely resists.
The electric eel shoots out a bolt of lightning at you!
The bolt of electricity hits you!
* * * LOW HITPOINT WARNING * * *
The bolt of electricity hits you!
You die...

Action                   |  1- 3 |  4- 6 |  7- 9 || total
-------------------------+-------+-------+-------++-------
Melee: Unarmed           |   135 |   289 |   163 ||   587
       Punch             |     2 |     9 |     5 ||    16
  Use: Scroll            |       |     9 |       ||     9
       Potion            |       |       |     2 ||     2
 Stab: Sleeping          |     4 |     4 |       ||     8
       Distracted        |       |     1 |       ||     1
       Invisible         |       |       |     1 ||     1
Armor: Robe              |    12 |    12 |       ||    24
       Leather armour    |       |    59 |    20 ||    79
Dodge: Dodged            |    76 |   191 |    80 ||   347

Levels and vault maps discovered:
D:1:      dpeg_arrival_rooms_with_view, layout_basic
D:2:      minmay_kobold_bridge, layout_basic, minmay_hexomino_p4
D:3:      minmay_octagon_keep, layout_basic, tso_altar, uniq_sigmund
D:4:      layout_loops_ring, nicolae_qazlal_style_of_elements, led_sif_pool,
          serial_undead, serial_undead_a, serial_undead_f, serial_undead_a,
          serial_undead_e, uniq_natasha
D:5:      layout_loops_cross, old_standard_altar, old_standard_altar,
          serial_shops, kennysheep_little_box, nicolae_ashenzari_panopticon
D:6:      layout_cave_pools, minmay_temple_entry_offerings, serial_bayou,
          serial_bayou_lagoon_b, serial_bayou_lake_a, serial_bayou_pond_d,
          serial_bayou_lagoon_a, serial_bayou_shore_b, gammafunk_ghost_arena,
          minmay_bent

Notes
Turn   | Place    | Note
-------+----------+-------------------------------------------
     0 | D:1      | gbos the Ghoul Monk began the quest for the Orb.
     0 | D:1      | Reached XP level 1. HP: 19/19 MP: 0/0
   119 | D:1      | Reached XP level 2. HP: 13/26 MP: 1/1
  1003 | D:1      | Reached XP level 3. HP: 33/33 MP: 2/2
  1172 | D:1      | Reached skill level 4 in Fighting
  1313 | D:2      | Reached skill level 4 in Unarmed Combat
  1336 | D:4      | HP: 8/33 [orc/+0 short sword (2)]
  1342 | D:4      | HP: 2/33 [orc/+3 hand axe (6)]
  1465 | D:4      | HP: 9/33 [orc/+0 hand axe (6)]
  1733 | D:4      | Noticed an air elemental
  1734 | D:4      | Found a stormy altar of Qazlal.
  1754 | D:4      | Noticed an earth elemental
  1802 | D:4      | Reached XP level 4. HP: 35/41 MP: 3/3
  1829 | D:4      | Reached XP level 5. HP: 16/47 MP: 4/4
  2008 | D:4      | Reached skill level 5 in Fighting
  2008 | D:4      | Reached skill level 5 in Unarmed Combat
  2140 | D:4      | Noticed Natasha
  2203 | D:3      | HP: 12/48 [gnoll/+0 whip (4)]
  2619 | D:3      | Reached XP level 6. HP: 54/56 MP: 5/5
  2994 | D:3      | Found a glowing golden altar of the Shining One.
  3083 | D:3      | Noticed Sigmund
  3525 | D:2      | Reached skill level 6 in Fighting
  3525 | D:2      | Reached skill level 6 in Unarmed Combat
  4237 | D:4      | Killed Natasha
  4423 | D:4      | Identified a +1 robe of the Archmagi
  4433 | D:4      | Reached XP level 7. HP: 56/64 MP: 6/6
  4689 | D:4      | HP: 19/64 [orc wizard/+0 dagger (3)]
  4953 | D:4      | Noticed Natasha
  5089 | D:4      | Killed Natasha
  5093 | D:4      | Reached skill level 7 in Fighting
  5093 | D:4      | Reached skill level 7 in Unarmed Combat
  5099 | D:4      | HP: 18/66 [worker ant (3)]
  5103 | D:4      | HP: 5/66 [worker ant (4)]
  5109 | D:4      | Noticed a water elemental
  5425 | D:4      | Found a shimmering blue altar of Sif Muna.
  5444 | D:4      | Noticed Natasha
  5460 | D:4      | Killed Natasha
  5528 | D:4      | Noticed a fire elemental
  5652 | D:5      | Entered Level 5 of the Dungeon
  5739 | D:5      | Found a broken altar of Ashenzari.
  5764 | D:5      | Became a worshipper of Ashenzari the Shackled
  5764 | D:5      | Reached * piety under Ashenzari
  5764 | D:5      | Reached ** piety under Ashenzari
  5837 | D:5      | Found a shadowy altar of Dithmenos.
  5914 | D:5      | Learned a level 2 spell: Call Imp
  6080 | D:5      | Found a basalt altar of Yredelemnul.
  6125 | D:5      | Reached XP level 8. HP: 64/73 MP: 7/7
  6210 | D:5      | Reached skill level 1 in Spellcasting
  6732 | D:5      | Found Tolez's Magic Scroll Shoppe.
  6955 | D:6      | HP: 13/74 [electric eel/bolt of electricity (11)]
  6956 | D:6      | HP: 3/74 [electric eel/bolt of electricity (10)]
  6956 | D:6      | Killed from afar by an electric eel

Vanquished Creatures
  An ogre (D:5)
  A centaur (D:5)
  3 scorpions
  A centaur zombie (D:5)
  A jelly (D:5)
  A centaur skeleton (D:5)
  2 orc wizards (D:4)
  2 hounds
  A bullfrog skeleton (D:4)
  An iguana (D:6)
  4 worker ants
  Natasha (thrice) (D:4)
  A hound skeleton (D:4)
  3 worker ant zombies (D:4)
  3 gnolls (D:3)
  9 adders
  2 shadow imps (D:5)
  An ooze (D:2)
  An adder skeleton (D:3)
  2 adder zombies (D:4)
  6 worms
  3 dart slugs
  A leopard gecko (D:2)
  19 orcs
  6 giant cockroaches
  10 goblins
  6 hobgoblins
  17 kobolds
  6 quokkas
  2 ball pythons
  8 bats
  6 frilled lizards
  A giant cockroach zombie (D:4)
  2 jackal skeletons (D:4)
  2 leopard gecko skeletons
  A leopard gecko zombie (D:4)
  2 quokka skeletons
  14 rats
155 creatures vanquished.

Vanquished Creatures (others)
  A plant (D:6)
1 creature vanquished.

Grand Total: 156 creatures vanquished
